 Dungeon Crawl Stone Soup version 0.30-a0-364-gf6b3ef1049 (webtiles) character file.

Game seed: 5941596859547562863

1 elfmuffin the Grave Robber (level 1, -1/13 HPs)
             Began as a Vampire Necromancer on Nov 14, 2022.
             Slain by a gnoll
             ... wielding a +0 spear
              (6 damage)
             ... on level 1 of the Dungeon.
             The game lasted 00:02:28 (106 turns).

elfmuffin the Grave Robber (Vampire Necromancer)     Turns: 106, Time: 00:02:29

Health: -1/13      AC:  8    Str:  7    XL:     1   Next: 16%
Magic:  3/3        EV:  2    Int: 17    God:
Gold:   0          SH:  0    Dex: 14    Spells: 3/4 levels left

rFire   . . .      SeeInvis +    c - +0 rapier
rCold   . . .      Faith    .    (no shield)
rNeg    . . .      Spirit   .    d - +0 chain mail
rPois   .          Reflect  .    (no helmet)
rElec   .          Harm     .    (no cloak)
rCorr   .          Rampage  .    (no gloves)
Will    .....                    (no boots)
Stlth   ..........               (no amulet)
HPRegen 0.42/turn                (no ring)
MPRegen 0.08/turn                (no ring)

@: healing quickly
A: alive, fangs 3, see invisible, vampiric 1
a: Exsanguinate


You were on level 1 of the Dungeon.
You visited 1 branch of the dungeon, and saw 1 of its levels.

Inventory:

Hand Weapons
 c - a +0 rapier (weapon)
Missiles
 f - 7 stones
Armour
 a - a +0 robe
 d - a +0 chain mail (worn)
Scrolls
 e - a scroll of enchant armour {unknown}
Potions
 b - a potion of magic


   Skills:
 + Level 2.1 Dodging
 + Level 3.0 Stealth
 + Level 2.0 Spellcasting
 + Level 4.4 Necromancy


You had 3 spell levels left.
You knew the following spells:

 Your Spells              Type           Power      Damage    Failure   Level
a - Necrotise             Necr           64%        1d7       100%        1

Your spell library contained the following spells:

 Spells                   Type           Power      Damage    Failure   Level
 Vampiric Draining        Necr           16%        2d7       100%        3
 Animate Dead             Necr           16%        N/A       100%        4
 Agony                    Necr           16%        N/A       100%        5


Dungeon Overview and Level Annotations

Branches:
Dungeon (1/15)

Altars:


Innate Abilities, Weirdness & Mutations

Your natural rate of healing is accelerated.
You have razor-sharp teeth.
You have supernaturally acute eyesight. (SInv)
You are afflicted with vampirism.


Message History

c - a +0 rapier You see here a gnoll skeleton.
There is a staircase leading out of the dungeon here.
There are no items here.
You see here a dwarf skeleton.
You see here a dwarf skeleton.
You see here a gnoll skeleton.
You open the door.
There is an open door here.
Found a chain mail.
You see here a +0 chain mail.
d - a +0 chain mail
Okay, then.
You start removing your armour.
You continue taking off your +0 robe. x4
You finish taking off your +0 robe.
You start putting on your armour.
You continue putting on your +0 chain mail. x5
You finish putting on your +0 chain mail.
c - a +0 rapier (weapon)
Okay, then.
Found a scroll labelled FUTIUSU QODOUNOE.
e - a scroll labelled FUTIUSU QODOUNOE
There are no items here.
A ball python comes into view.
The ball python hisses angrily.
Found a chain mail.
You hit the ball python.
You kill the ball python!
You see here a ball python corpse.
You see here a +0 chain mail.
Found 7 stones.
Found a clear potion.
A gnoll comes into view. It is wielding a +0 spear.
The gnoll hits you from afar with a +0 spear.
You see here 7 stones.
f - 7 stones The gnoll hits you from afar with a +0 spear.
Found 11 gold pieces.
The gnoll hits you from afar with a +0 spear.
You die...

######...............#
#########.#######
#.#######
########.......#
#.!......#####.#
#........#
#........#####.#
#...............
.......@.#####.#
#........g#
#...........$
###.##....#### #.
..#.## # ####.# #.# +#


You could see a gnoll.

Vanquished Creatures
  A ball python (D:1)
1 creature vanquished.

Notes
Turn   | Place    | Note
-------+----------+-------------------------------------------
     0 | D:1      | elfmuffin the Vampire Necromancer began the quest for the
                  | Orb.
     0 | D:1      | Reached XP level 1. HP: 13/13 MP: 3/3
   106 | D:1      | Slain by a gnoll

Illustrated notes

Levels and vault maps discovered:
D:1:      heliophobic_arrival_battle_scene, layout_loops_corners,
          hangedman_decor_clover_reticule, minmay_misc_feat_nine_boxes

Action                   || total
-------------------------++-------
Melee: Rapier            ||     1

Table legend: (Time is in decaauts)
 A = Elapsed time spent in this place.
 B = Non-inter-level travel time spent in this place.
 C = Inter-level travel time spent in this place.
 D = Time resting spent in this place.
 E = Time spent auto-exploring this place.
 F = Levels seen in this place.
 G = Mean time per level.
                   A        B        C        D        E       F      G
               +--------+--------+--------+--------+--------+-----+--------+
         Total |    105 |    105 |      0 |      0 |      0 |   1 |  105.0 |
       Dungeon |    105 |    105 |      0 |      0 |      0 |   1 |  105.0 |
               +--------+--------+--------+--------+--------+-----+--------+

Top non-repeatable levels by time:
     D:1: 105 daAuts
